 Dungeon Crawl Stone Soup version 0.30-a0-571-gdf30a72648 (webtiles) character file.

Game seed: 4501871703001918457

168 ryw the Grave Robber (level 5, -9/35 HPs)
             Began as a Human Necromancer on Dec 29, 2022.
             Mangled by Duvessa
             ... wielding a +4 vampiric rapier
              (14 damage)
             ... on level 4 of the Dungeon.
             The game lasted 00:07:44 (3786 turns).

ryw the Grave Robber (Human Necromancer)            Turns: 3786, Time: 00:07:44

Health: -9/35      AC:  3    Str:  9    XL:     5   Next: 78%
Magic:  0/9        EV: 12    Int: 17    God:
Gold:   193        SH:  0    Dex: 13    Spells: 2/10 levels left

rFire   . . .      SeeInvis .    a - +1 dagger (elec)
rCold   . . .      Faith    .    (no shield)
rNeg    . . .      Spirit   .    j - +0 robe
rPois   .          Reflect  .    (no helmet)
rElec   .          Harm     .    (no cloak)
rCorr   .          Rampage  .    m - +0 pair of gloves
Will    .....                    (no boots)
Stlth   ++                       (no amulet)
HPRegen 0.25/turn                (no ring)
MPRegen 0.11/turn                (no ring)

@: very slightly contaminated
A: no striking features
a: no special abilities


You were on level 4 of the Dungeon.
You visited 1 branch of the dungeon, and saw 4 of its levels.

You collected 193 gold pieces.

Inventory:

Hand Weapons
 a - a +1 dagger of electrocution (weapon)
Armour
 j - a +0 robe (worn)
 m - a +0 pair of gloves (worn)
Wands
 e - a wand of flame (17)
Scrolls
 d - 2 scrolls of teleportation
 n - a scroll of fog {unknown}
 o - a scroll of fear {unknown}
Potions
 b - a potion of magic
 c - 2 potions of berserk rage {unknown}
 f - a potion of lignification {unknown}
 g - 2 potions of flight {unknown}
 h - a potion of cancellation {unknown}
 i - a potion of haste {unknown}
 k - a potion of mutation {unknown}
 l - a potion of ambrosia {unknown}
 p - a potion of heal wounds {unknown}


   Skills:
 - Level 2.0 Dodging
 - Level 2.0 Stealth
 + Level 3.3 Spellcasting
 * Level 5.8 Necromancy


You had 2 spell levels left.
You knew the following spells:

 Your Spells              Type           Power      Damage    Failure   Level
a - Necrotise             Necr           88%        1d8       1%          1
b - Vampiric Draining     Necr           22%        2d7       4%          3
c - Animate Dead          Necr           22%        N/A       16%         4

Your spell library contained the following spells:

 Spells                   Type           Power      Damage    Failure   Level
 Static Discharge         Conj/Air       4%         2-3/arc   26%         2
 Agony                    Necr           22%        N/A       38%         5
 Vhi's Electric Charge    Tloc/Air       4%         N/A       45%         3
 Arcjolt                  Conj/Air       1%         1d11      99%         5
 Freezing Cloud           Conj/Ice/Air   1%         6-21      99%         5
 Lightning Bolt           Conj/Air       1%         1d12      99%         5
 Simulacrum               Ice/Necr       6%         N/A       100%        6
 Polar Vortex             Ice            1%         N/A       100%        9


Dungeon Overview and Level Annotations

Branches:
Dungeon (4/15)
 Temple: D:4-7

Altars:
The Shining One

Annotations:
D:4 Dowan, Duvessa


Message History

Confirm with . or Enter, or press ? or * to list all spells.
Aiming: Necrotise (safe; 1% risk of failure)
Press: ? - help, Shift-Dir - straight line, f/p - Duvessa
Aim: Duvessa, wielding a +4 vampiric rapier and wearing a +0 ring mail (ally target, chance to affect: 67%) Duvessa writhes in agony!
Duvessa hits you with a +4 vampiric rapier!
Duvessa draws strength from your wounds!
Your goblin skeleton hits Duvessa but does no damage.
Casting: Necrotise (safe; 1% risk of failure)
Confirm with . or Enter, or press ? or * to list all spells.
Aiming: Necrotise (safe; 1% risk of failure)
Press: ? - help, Shift-Dir - straight line, f/p - Duvessa
Aim: Duvessa, wielding a +4 vampiric rapier and wearing a +0 ring mail (lightly wounded, ally target, chance to affect: 67%) Duvessa writhes in agony!
Duvessa hits you with a +4 vampiric rapier!!
Ouch! That really hurt!
* * * LOW HITPOINT WARNING * * *
Duvessa draws strength from your wounds!
A hobgoblin comes into view.
Your goblin skeleton hits Duvessa but does no damage.
Casting: Necrotise (safe; 1% risk of failure)
Confirm with . or Enter, or press ? or * to list all spells.
Aiming: Necrotise (safe; 1% risk of failure)
Press: ? - help, Shift-Dir - straight line, f/p - Duvessa
Aim: Duvessa, wielding a +4 vampiric rapier and wearing a +0 ring mail (lightly wounded, ally target, chance to affect: 67%)
Okay, then.
Unknown command.
Casting: Necrotise (safe; 1% risk of failure)
Confirm with . or Enter, or press ? or * to list all spells.
Okay, then.
Casting: Necrotise (safe; 1% risk of failure)
Confirm with . or Enter, or press ? or * to list all spells.
Aiming: Vampiric Draining (dangerous; 4% risk of failure)
Press: ? - help, Shift-Dir - straight line, f/p - Duvessa
Aim: Duvessa, wielding a +4 vampiric rapier and wearing a +0 ring mail (lightly wounded, ally target)
You miscast Vampiric Draining.
You are very lightly contaminated with residual magic.
Nothing appears to happen.
Duvessa hits you with a +4 vampiric rapier!
You die...

#.# #.# #.# ###.# #.#
#<..# #.#######.#
#.......#.# #.#####.#.#
####### #.####....##
.).....
#..........######.Z[....
#.####.##.......@e......
#.# #...............?g.
#.####.##..####.######.#
.....................
#.####.###.####.#####
...........# #...
#.####.###.# #.#.#
#.####.#.#.# #.# ..
.......#.#.# ##


You could see Duvessa (ally target), a hobgoblin and a friendly goblin skeleton.

Vanquished Creatures
  A hound (D:4)
  Jessica (D:3)
  An iguana (D:4)
  3 adders
  A worm (D:1)
  2 dart slugs
  An orc (D:3)
  3 ball pythons
  7 bats
  4 endoplasms
  4 hobgoblins
  2 jackals (D:2)
  4 quokkas (D:1)
  7 goblins
  4 kobolds (D:2)
  6 rats
51 creatures vanquished.

Vanquished Creatures (collateral kills)
  A giant cockroach (D:2)
  A jackal (D:2)
2 creatures vanquished.

Vanquished Creatures (others)
  4 toadstools (D:1)
4 creatures vanquished.

Grand Total: 57 creatures vanquished

Notes
Turn   | Place    | Note
-------+----------+-------------------------------------------
     0 | D:1      | ryw the Human Necromancer began the quest for the Orb.
     0 | D:1      | Reached XP level 1. HP: 13/13 MP: 3/3
   356 | D:1      | Reached XP level 2. HP: 19/19 MP: 3/5
   923 | D:1      | Found a faded altar of an unknown god.
  1007 | D:1      | Reached XP level 3. HP: 24/24 MP: 3/6
  2101 | D:2      | Reached XP level 4. HP: 30/30 MP: 5/7
  2150 | D:2      | Learned a level 3 spell: Vampiric Draining
  2159 | D:2      | Learned a level 4 spell: Animate Dead
  2216 | D:2      | Reached skill level 5 in Necromancy
  2703 | D:3      | Noticed Jessica
  2712 | D:3      | Killed Jessica
  2978 | D:3      | Found a glowing golden altar of the Shining One.
  3001 | D:3      | Reached XP level 5. HP: 35/35 MP: 5/9
  3616 | D:4      | Noticed Dowan
  3778 | D:4      | Noticed Duvessa
  3786 | D:4      | Mangled by Duvessa

Illustrated notes

Levels and vault maps discovered:
D:1:      ldierk_walled_garden_2, layout_loops_corners,
          shapermc_ecumenical_altar_hornbeckon
D:2:      layout_loops_ring, serial_rivers, chequers_serial_rivers_small_a,
          chequers_serial_rivers_marsh, chequers_serial_rivers_small_b,
          chequers_serial_rivers_micro_b
D:3:      layout_basic, mainiacjoe_overflow_cross_hatched, minivault_27,
          uniq_jessica
D:4:      layout_basic, nicolae_ru_the_path_less_chosen, uniq_duvessa

Skill      XL: |  1  2  3  4 |
---------------+-------------+-----
Necromancy     | 5 |  5.8
Spellcasting   | 3 |  3.3
Dodging        | |  2.0
Stealth        | |  2.0

Action                   |  1- 3 |  4- 6 || total
-------------------------+-------+-------++-------
Melee: Dagger            |     7 |     2 ||     9
 Cast: Necrotise         |    67 |    49 ||   116
  Use: Scroll            |     3 |     2 ||     5
 Stab: Sleeping          |     1 |       ||     1
Armor: Robe              |     3 |     1 ||     4
Dodge: Dodged            |    14 |     7 ||    21

Table legend: (Time is in decaauts)
 A = Elapsed time spent in this place.
 B = Non-inter-level travel time spent in this place.
 C = Inter-level travel time spent in this place.
 D = Time resting spent in this place.
 E = Time spent auto-exploring this place.
 F = Levels seen in this place.
 G = Mean time per level.
                   A        B        C        D        E       F      G
               +--------+--------+--------+--------+--------+-----+--------+
         Total |   3799 |   3620 |    179 |    288 |   2755 |   4 |  949.8 |
       Dungeon |   3799 |   3620 |    179 |    288 |   2755 |   4 |  949.8 |
               +--------+--------+--------+--------+--------+-----+--------+

Top non-repeatable levels by time:
     D:1: 1498 daAuts
     D:2: 1017 daAuts
     D:3: 965 daAuts
     D:4: 318 daAuts
